 Dungeon Crawl Stone Soup version 0.30-a0-743-gbfdf073431 (webtiles) character file.

Game seed: 18264968763844952840

60 sokol815 the Shield-Bearer (level 3, -4/36 HPs)
             Began as a Troll Fighter on Feb 7, 2023.
             Killed by divine providence
             ... invoked by an orc priest
              (10 damage)
             ... on level 3 of the Dungeon.
             The game lasted 00:02:54 (1716 turns).

sokol815 the Shield-Bearer (Troll Fighter)          Turns: 1716, Time: 00:02:55

Health: -4/36      AC:  4    Str: 26    XL:     3   Next: 82%
Magic:  2/2        EV:  8    Int:  4    God:
Gold:   163        SH:  7    Dex:  9    Spells: 2/2 levels left

rFire   . . .      SeeInvis .      - Unarmed
rCold   . . .      Faith    .    b - +0 kite shield
rNeg    . . .      Spirit   .    a - +0 robe
rPois   .          Reflect  .    (helmet restricted)
rElec   .          Harm     .    (no cloak)
rCorr   .          Rampage  .    (gloves unavailable)
Will    .....                    (boots unavailable)
Stlth   +                        (no amulet)
HPRegen 1.06/turn                (no ring)
MPRegen 0.08/turn                (no ring)

@: mighty
A: large, unfitting armour, claws 3, regeneration 1, shaggy fur 1, tough skin 1
a: no special abilities


You were on level 3 of the Dungeon.
You visited 1 branch of the dungeon, and saw 3 of its levels.

You collected 163 gold pieces.

Inventory:

Hand Weapons
 e - a +0 club
   (You took it off a goblin on level 1 of the Dungeon)
 f - a +0 club
   (You took it off a goblin on level 1 of the Dungeon)
 g - a +0 whip
   (You took it off a kobold on level 1 of the Dungeon)
 i - a +0 short sword
   (You took it off a kobold on level 1 of the Dungeon)
 m - a +0 club
   (You took it off a kobold on level 1 of the Dungeon)
 q - a +0 spear
   (You found it on level 2 of the Dungeon)
 r - a +0 sling
   (You found it on level 2 of the Dungeon)
 t - a +0 club
   (You took it off a goblin on level 2 of the Dungeon)
 u - a +0 sling
   (You found it on level 2 of the Dungeon)
 w - a +0 sling
   (You found it on level 2 of the Dungeon)
Missiles
 p - 5 poisoned darts
 s - 26 stones
 z - 5 boomerangs
Armour
 a - a +0 robe (worn)
 b - a +0 kite shield (worn)
Jewellery
 I - a +6 ring of intelligence
   (You found it on level 1 of the Dungeon)
Scrolls
 d - a scroll of enchant weapon {unknown}
 h - a scroll of summoning {unknown}
 j - a scroll of teleportation {unknown}
 l - a scroll of identify {unknown}
 n - a scroll of poison {unknown}
 o - a scroll of blinking {unknown}
 y - a scroll of immolation {unknown}
Potions
 c - 3 potions of heal wounds {unknown}
 k - a potion of flight {unknown}
 v - 2 potions of degeneration {unknown}
 x - a potion of haste {unknown}


   Skills:
 + Level 2.7 Fighting
 + Level 2.8 Dodging
 + Level 3.1 Shields
 * Level 3.1 Unarmed Combat


You had 2 spell levels left.
You didn't know any spells.
Your spell library contained the following spells:

 Spells                   Type           Power      Damage    Failure   Level
 Lesser Beckoning         Tloc           0%         N/A       90%         2
 Tukima's Dance           Hex            0%         N/A       99%         3
 Passage of Golubria      Tloc           0%         N/A       100%        4
 Yara's Violent Unravell  Hex/Tmut       0%         3d3       100%        5
 Disjunction              Tloc           0%         N/A       100%        8


Dungeon Overview and Level Annotations

Branches:
Dungeon (3/15) Zot: 16272

Altars:
Ashenzari

Shops:
D:1 !(


Innate Abilities, Weirdness & Mutations

You are too large for most types of armour.
You have claws for hands.
Your natural rate of healing is unusually fast.
You are covered in fur. (AC +1)
You have tough skin. (AC +1)


Message History

The hobgoblin shouts!
A kobold comes into view. It is wielding a +0 whip.
The kobold shouts!
A quokka comes into view.
The quokka moves out of view.
Found a stone staircase leading down.
The hobgoblin closely misses you. The kobold barely misses you.
You scratch the kobold but do no damage.
The hobgoblin hits you. You block the kobold's attack.
You take 1 damage, and have 35/36 hp.
You barely miss the kobold. The hobgoblin hits you.
The kobold hits you but does no damage.
You take 1 damage, and have 34/36 hp.
You barely miss the kobold. The hobgoblin hits you.
The kobold hits you with a +0 whip.
You take 6 damage, and have 28/36 hp.
You claw the kobold!
You kill the kobold!
The hobgoblin hits you.
You claw the quokka!
You kill the quokka!
The hobgoblin hits you.
You claw the hobgoblin!
You kill the hobgoblin!
No target in view!
No target in view!
s - 26 stones (gained 2)
You see here a hobgoblin corpse.
Found a broken altar of Ashenzari.
Health restored: 36 You now have 154 gold pieces (gained 15).
You see here a hobgoblin corpse.
A jackal comes into view.
The jackal barks!
A jackal comes into view.
The jackal barks!
You block the jackal's attack.
You closely miss the jackal. You block the jackal's attack. x2
You barely miss the jackal. You claw the jackal!
You kill the jackal!
The jackal bites you but does no damage.
You claw the jackal!
You kill the jackal!
No target in view!
No target in view!
You now have 163 gold pieces (gained 9).
z - 5 boomerangs An orc comes into view.
It is wielding a +0 hand axe.
The orc moves out of view.
An orc comes into view. It is wielding a +0 flail.
The orc shouts! x2
An orc comes into view. It is wielding a +0 hand axe.
The orc shouts!
An orc comes into view. It is wielding a +0 dagger.
You hear a shout!
The orc moves out of view.
Found a stone staircase leading up.
An orc priest comes into view. It is wielding a +0 dagger.
The orc throws a stone.
The stone hits you but does no damage.
The orc priest miscasts a cantrip.
You claw the orc!
You kill the orc!
The orc priest calls down the wrath of Beogh upon you.
Beogh smites you!
You take 12 damage, and have 24/36 hp.
MASSIVE DAMAGE!!
The orc attacks as you move away! You block the orc's attack.
The orc priest invokes the aid of Beogh against you.
Beogh smites you!
You take 12 damage, and have 12/36 hp.
MASSIVE DAMAGE!!
You regained 2 hp, and now have 14/36 hp.
The orc attacks as you move away! The orc hits you with a +0 dagger.
The orc attacks as you move away! You block the orc's attack.
The orc attacks as you move away! The orc hits you with a +0 dagger.
You see here a +0 sling.
You take 2 damage, and have 14/36 hp.
You scratch the orc. The orc hits you with a +0 dagger.
You take 2 damage, and have 12/36 hp.
You closely miss the orc. The orc hits you with a +0 dagger. x2
* * * LOW HITPOINT WARNING * * *
You take 2 damage, and have 10/36 hp.
You barely miss the orc. You block the orc's attack.
You claw the orc!
You kill the orc!
You regained 2 hp, and now have 13/36 hp.
You feel very mighty all of a sudden. The orc completely misses you.
The orc priest mumbles some strange prayers to Beogh against you.
Beogh smites you!
* * * LOW HITPOINT WARNING * * *
You take 9 damage, and have 4/36 hp.
MASSIVE DAMAGE!!
You claw the orc!
You kill the orc!
You barely miss the orc priest.
The orc priest calls down the wrath of Beogh upon you.
Beogh smites you!
You die...

#......†...####
#.......
...#..........#
#..##>.. ..
#...#####..###......>
# #.## ##......###...
#. #......## #... ..
###.##...# #... ####
#...#....# #...
..[..####..........
#...
#...@o..######.......
######..# ..##.#.
##..# ...#.## #...#
#.. #.#.# #...#
.......).......
..............#
.............<.


You could see an orc priest.

Vanquished Creatures
  3 dart slugs
  3 orcs (D:3)
  3 ball pythons
  2 endoplasms
  2 giant cockroaches
  4 goblins
  3 hobgoblins
  8 jackals
  2 quokkas
  3 bats
  A frilled lizard (D:2)
  4 kobolds
  10 rats
48 creatures vanquished.

Notes
Turn   | Place    | Note
-------+----------+-------------------------------------------
     0 | D:1      | sokol815 the Troll Fighter began the quest for the Orb.
     0 | D:1      | Reached XP level 1. HP: 22/22 MP: 0/0
    63 | D:1      | Reached XP level 2. HP: 29/29 MP: 1/1
    75 | D:1      | Found Otaxiub's Antique Weapon Shoppe.
    80 | D:1      | Found Getsehay's Distillery.
   877 | D:2      | Reached XP level 3. HP: 36/36 MP: 2/2
   969 | D:2      | Reached skill level 3 in Shields
  1505 | D:2      | Reached skill level 3 in Unarmed Combat
  1590 | D:3      | Got the Guidebook on Superposition
  1645 | D:3      | Found a broken altar of Ashenzari.
  1714 | D:3      | HP: 4/36 [orc priest/divine providence (10)]
  1716 | D:3      | Killed from afar by an orc priest

Illustrated notes

Levels and vault maps discovered:
D:1:      lightli_arrival_farm, layout_basic, serial_shops, shop, shop_statue
D:2:      layout_basic, minmay_rat_gold_closets
D:3:      layout_rooms, cheibrodos_ashenzari_chains, amcnicky_altar_gilded,
          general_overflow_altar, kennysheep_donut

Skill      XL: |  1  2  3 |
---------------+----------+-----
Shields        | 3 |  3.1
Unarmed Combat | 3 |  3.1
Fighting       | |  2.7
Dodging        | |  2.8

Action                     || total
---------------------------++-------
  Melee: Unarmed           ||   125
  Throw: Stone             ||     3
    Use: Potion            ||     1
 Armour: Robe              ||    53
  Dodge: Dodged            ||    39
  Block: Kite shield       ||    40

Table legend: (Time is in decaauts)
 A = Elapsed time spent in this place.
 B = Non-inter-level travel time spent in this place.
 C = Inter-level travel time spent in this place.
 D = Time resting spent in this place.
 E = Time spent auto-exploring this place.
 F = Levels seen in this place.
 G = Mean time per level.
                   A        B        C        D        E       F      G
               +--------+--------+--------+--------+--------+-----+--------+
         Total |   1726 |   1656 |     70 |      0 |   1355 |   3 |  575.3 |
       Dungeon |   1726 |   1656 |     70 |      0 |   1355 |   3 |  575.3 |
               +--------+--------+--------+--------+--------+-----+--------+

Top non-repeatable levels by time:
     D:1: 820 daAuts
     D:2: 719 daAuts
     D:3: 187 daAuts

Table legend:
 A = Kills in this place as a percentage of kills in entire the game.
 B = Kills by you in this place as a percentage of kills by you in the entire game.
 C = Kills by friends in this place as a percentage of kills by friends in the entire game.
 D = Other kills in this place as a percentage of other kills in the entire game.
 E = Experience gained in this place as a percentage of experience gained in the entire game.
 F = Experience gained in this place divided by the number of levels of this place that you have seen.
                   A       B       C       D       E      F
               +-------+-------+-------+-------+-------+----------------------
         Total | 100.0 | 100.0 |   N/A |   N/A | 100.0 |  29.0
       Dungeon | 100.0 | 100.0 |   N/A |   N/A | 100.0 |  29.0
               +-------+-------+-------+-------+-------+----------------------
